[Event "Titled Tuesday Blitz May 24 Late 2022"]
[White "Melikyan, Gnel"]
[Black "Lopez Del Alamo, Antonio"]
[WhiteFideId "54109990"]
[BlackFideId "2227339"]
[WhiteElo "1772"]
[BlackElo "2089"]
[Result "1-0"]
[Round "01"]
[TimeControl "180+1"]
[Date "2022.05.25"]
[WhiteClock "0:00:20"]
[BlackClock "0:00:19"]

1. Nf3 Nf6 2. g3 g6 3. Bg2 Bg7 4. O-O O-O 5. c4 d6 6. Nc3 c5 7. b3 Ne4 8. Bb2 Nxc3 9. Bxc3 Bxc3 10. dxc3 Nc6 11. Qd2 Qa5 12. h4 Bg4 13. Rfc1 Bxf3 14. exf3 Qc7 15. h5 Kg7 16. f4 e6 17. Rd1 Rad8 18. Be4 Ne7 19. Kg2 d5 20. cxd5 Nxd5 21. c4 Nf6 22. Qc3 Rxd1 23. Rxd1 Rd8 24. Rxd8 Qxd8 25. hxg6 hxg6 26. Bxb7 Kg8 27. Bf3 Ne8 28. Qe5 Qb6 29. g4 Nd6 30. Qf6 Qc7 31. Qe5 Qb6 32. Qe3 Qc7 33. Qd2 a5 34. Qc3 Qb6 35. Kg3 Qc7 36. Qf6 Ne8 37. Qe5 Nd6 38. Ba8 Qb6 39. Bf3 Qc7 40. Qf6 Ne8 41. Qc3 Nd6 42. Bg2 Ne8 43. Qf3 Nd6 44. Qc6 Qxc6 45. Bxc6 Kf8 46. f3 Ke7 47. Kf2 Kd8 48. Ke3 Kc7 49. Bb5 Kb6 50. Ba4 Kc7 51. Kf2 Kb6 52. Kg3 Kc7 53. Kh4 Kd8 54. Kg5 Ke7 55. Kh6 Nc8 56. Kg7 Nb6 57. Bc6 Nc8 58. Be4 Nd6 59. Bd3 Nc8 60. f5 gxf5 61. gxf5 exf5 62. Bxf5 Nd6 63. Bd3 Ke6 64. f4 Ke7 65. Kh6 Kf6 66. Kh7 Ne8 67. Kg8 Nc7 68. Kf8 Ne6+ 69. Ke8 Nxf4 70. Bf1 Ne6 71. Kd7 Ke5 72. Kc6 Kd4 73. Kb5 f5 74. Kxa5 f4 75. Kb6 f3 76. a4 Nf4 77. a5 Ke3 78. a6 Kf2 79. a7 Kxf1 80. a8=Q f2 81. Qf3 Ne2 82. Kxc5 Ke1 83. b4 f1=Q 84. Qxf1+ Kxf1 85. b5 Nc3 86. b6 Na4+ 87. Kb5 Nc3+ 88. Kc6 Ke2 89. b7 Na4 90. c5 1-0


[Site "https://www.chess.com"]

[Event "Titled Tuesday Blitz May 24 Late 2022"]
[White "Melkumyan, Hrant"]
[Black "Larino Nieto, David"]
[WhiteFideId "13302485"]
[BlackFideId "2256444"]
[WhiteElo "2604"]
[BlackElo "2532"]
[Result "1-0"]
[Round "01"]
[TimeControl "180+1"]
[Date "2022.05.24"]
[WhiteClock "0:00:46"]
[BlackClock "0:00:03"]

1. d4 e6 2. Nf3 b6 3. e4 Bb7 4. Bd3 d6 5. O-O Nd7 6. c4 Ne7 7. Nc3 h6 8. b4 g5 9. a4 a5 10. bxa5 Rxa5 11. Ba3 Bg7 12. Bc2 g4 13. Ne1 Rh5 14. Qxg4 Rg5 15. Qd1 Nc6 16. Nf3 Rh5 17. Nb5 Rg8 18. g3 Ne7 19. Re1 Ng6 20. e5 Bh8 21. exd6 Nh4 22. d5 Nxf3+ 23. Qxf3 Qh4 24. dxc7 Qxh2+ 25. Kf1 Bxa1 26. Nd6+ Ke7 27. Qxf7# 1-0


[Site "https://www.chess.com"]

[Event "Titled Tuesday Blitz May 24 Late 2022"]
[White "Meunier-Pion, Jean"]
[Black "Rozman, Levy"]
[WhiteFideId "20685327"]
[BlackFideId "2039877"]
[WhiteElo "2124"]
[BlackElo "2376"]
[Result "0-1"]
[Round "01"]
[TimeControl "180+1"]
[Date "2022.05.25"]
[WhiteClock "0:00:02"]
[BlackClock "0:00:10"]

1. e4 d5 2. exd5 Qxd5 3. Nc3 Qa5 4. d4 Nf6 5. Nf3 Bf5 6. Bc4 e6 7. Bd2 Bb4 8. a3 Bxc3 9. Bxc3 Qb6 10. Ne5 O-O 11. Qe2 Nc6 12. O-O-O Rad8 13. g4 Nxe5 14. dxe5 Nxg4 15. Rdf1 Nh6 16. h4 Kh8 17. Bd2 Ng8 18. h5 Qd4 19. h6 Nxh6 20. Rfg1 Bg6 21. Rxh6 gxh6 22. Bxh6 f6 23. Bxf8 Rxf8 24. exf6 Rxf6 25. Rd1 Qf4+ 26. Kb1 Qe4 27. Rd8+ Kg7 28. Bd3 Qxe2 29. Bxe2 Rf7 30. Bc4 Re7 31. Rd2 h5 32. Kc1 h4 33. f4 Bf5 34. Kd1 h3 35. Ke1 Kf6 36. Kf2 Rg7 37. Bf1 Rg4 38. Ke3 Rg1 39. Rf2 h2 40. Rxh2 Rxf1 41. Rh7 Bxh7 0-1


[Site "https://www.chess.com"]

[Event "Titled Tuesday Blitz May 24 Late 2022"]
[White "Miszler, Levente"]
[Black "Csonka, Balazs"]
[WhiteFideId "763276"]
[BlackFideId "742910"]
[WhiteElo "1966"]
[BlackElo "2404"]
[Result "1/2-1/2"]
[Round "01"]
[TimeControl "180+1"]
[Date "2022.05.25"]
[WhiteClock "0:00:04"]
[BlackClock "0:00:03"]

1. g4 a5 2. a3 Ra6 3. h4 h5 4. g5 g6 5. Rh3 Bg7 6. Nc3 d5 7. Rg3 Bg4 8. Nf3 Re6 9. d4 Nc6 10. Be3 Rxe3 11. fxe3 Qd6 12. Kf2 e6 13. Nb5 Qd7 14. c4 Nge7 15. Bh3 Nf5 16. Rxg4 hxg4 17. Bxg4 dxc4 18. Bxf5 exf5 19. Qc2 O-O 20. Qxc4 Re8 21. Rc1 Qe7 22. Qd3 Rd8 23. Rc3 Rd5 24. Qc4 Rd7 25. a4 Kh7 26. d5 Ne5 27. Nxe5 Qxe5 28. Qf4 Qxf4+ 29. exf4 Bxc3 30. Nxc3 c6 31. Ke3 cxd5 32. Kd4 Re7 33. e3 Rc7 34. Nxd5 Rc2 35. b3 Kg7 36. Nf6 Rh2 37. Kd3 Rxh4 38. Ne8+ Kf8 39. Nd6 b6 40. Nc4 Rh2 41. Nxb6 Rb2 42. Kc3 Re2 43. Kd3 Rb2 44. Kc3 Re2 45. Kd3 Rb2 1/2-1/2


[Site "https://www.chess.com"]

[Event "Titled Tuesday Blitz May 24 Late 2022"]
[White "Msellek, Ilyass"]
[Black "Joubert, Dantelle"]
[WhiteFideId "675938"]
[BlackFideId "14310813"]
[WhiteElo "2221"]
[BlackElo "1507"]
[Result "1-0"]
[Round "01"]
[TimeControl "180+1"]
[Date "2022.05.25"]
[WhiteClock "0:01:44"]
[BlackClock "0:01:23"]

1. d4 d5 2. Nf3 Nf6 3. c4 e6 4. Nc3 Be7 5. cxd5 Nxd5 6. e4 Nxc3 7. bxc3 c5 8. Bb5+ Bd7 9. Bxd7+ Nxd7 10. O-O cxd4 11. cxd4 O-O 12. Rb1 b6 13. Rb3 Nf6 14. Re1 Rc8 15. h4 h6 16. Ne5 Qc7 17. Rg3 Nxe4 18. Rg4 Nf6 19. Rg3 Ne4 20. Rxg7+ Kxg7 21. Qg4+ Ng5 22. hxg5 h5 23. Qxh5 Rh8 24. Qxf7# 1-0


[Site "https://www.chess.com"]

[Event "Titled Tuesday Blitz May 24 Late 2022"]
[White "Nazaretyan, Tigran"]
[Black "Kowalysko, Roman"]
[WhiteFideId "24162345"]
[BlackFideId "30918510"]
[WhiteElo "2225"]
[BlackElo "2175"]
[Result "1-0"]
[Round "01"]
[TimeControl "180+1"]
[Date "2022.05.25"]
[WhiteClock "0:00:47"]
[BlackClock "0:00:02"]

1. d4 Nf6 2. c4 e5 3. dxe5 Ng4 4. Nf3 Nc6 5. Bf4 Bb4+ 6. Nbd2 Qe7 7. a3 Ngxe5 8. Nxe5 Nxe5 9. e3 Bc5 10. b4 Bd4 11. Rb1 d6 12. Be2 Bf5 13. Rb3 Ng6 14. Bg3 Bf6 15. O-O O-O 16. Bg4 Bxg4 17. Qxg4 Ne5 18. Qe4 b6 19. Nf3 Nxf3+ 20. Qxf3 a5 21. b5 Be5 22. a4 Bxg3 23. hxg3 Rfe8 24. Rd1 Rad8 25. Rbd3 Qe4 26. Rd4 Qxf3 27. gxf3 Re5 28. f4 Re7 29. e4 Rde8 30. f3 f6 31. g4 Kf7 32. Kf2 g6 33. Rd5 Re6 34. Rh1 Kg7 35. f5 R6e7 36. Ke3 g5 37. Rd2 h6 38. Rdh2 Rh8 39. Kd4 Re5 40. Kc3 Re7 41. Rd2 Re5 42. Rd5 Rhe8 43. Kd4 R8e7 44. Rh2 Re8 45. Ke3 R8e7 46. Rhd2 Re8 47. R5d3 Rc5 48. Kd4 Rce5 49. Rh2 R8e7 50. Rd1 Re8 51. Rdh1 Rh8 52. Rh5 Rh7 53. Kd3 Rh8 54. Kc3 Re7 55. Rd1 Re5 56. Rd5 Rhe8 57. Rh1 R8e7 58. Rhd1 Re8 59. Rxe5 Rxe5 60. Rd5 Rxd5 61. cxd5 Kf7 62. Kd4 Ke7 63. Ke3 Kf7 64. f4 Ke7 65. Kf3 Kf7 66. Ke3 Ke7 67. Kd4 Kf7 68. e5 fxe5+ 69. fxe5 dxe5+ 70. Kxe5 Ke7 71. f6+ Kf7 72. Kf5 h5 73. gxh5 g4 74. Kxg4 Kxf6 75. Kf4 Kf7 76. Kf5 Kg7 77. Ke6 c5 78. dxc6 Kh6 79. c7 Kxh5 80. c8=Q Kg5 81. Qf8 Kg4 82. Qf2 Kg5 83. Qf3 Kh4 84. Qg2 Kh5 85. Kd6 Kh6 86. Kc6 Kh5 87. Kxb6 Kh4 88. Kxa5 Kh5 89. Kb4 Kh6 90. Kc3 Kh7 91. Kd2 Kh6 92. Ke1 Kh5 93. Kf1 Kh6 94. Kg1 Kh7 95. Kh1 Kh6 96. b6 Kh7 97. b7 Kh6 98. b8=R Kh7 99. a5 Kh6 100. a6 Kh7 101. a7 Kh6 102. a8=R Kh7 103. Kg1 Kh6 104. Kf2 Kh7 105. Kf3 Kh6 106. Kf4 Kh5 107. Rg8 Kh6 108. Ra1 Kh7 109. Rg1 Kh6 110. Qg7+ Kh5 111. Rg6 Kh4 112. Kf3 Kh3 113. Kf2 Kh4 114. Kg2 Kh5 115. Kh2 Kh4 116. Qd4+ Kh5 117. Qd1+ Kh4 118. Qg4# 1-0


[Site "https://www.chess.com"]

[Event "Titled Tuesday Blitz May 24 Late 2022"]
[White "Nozdrachev, Leonid"]
[Black "Bluebaum, Matthias"]
[WhiteFideId "24113433"]
[BlackFideId "24651516"]
[WhiteElo "2255"]
[BlackElo "2556"]
[Result "1/2-1/2"]
[Round "01"]
[TimeControl "180+1"]
[Date "2022.05.24"]
[WhiteClock "0:00:04"]
[BlackClock "0:00:43"]

1. e4 c6 2. Qf3 d5 3. exd5 cxd5 4. Bb5+ Nc6 5. c4 dxc4 6. Ne2 Bd7 7. Bxc4 Ne5 8. Qb3 Nxc4 9. Qxc4 Rc8 10. Qb3 Nf6 11. Nbc3 Bc6 12. O-O Qd3 13. Nf4 Qf5 14. d4 e6 15. Re1 Be7 16. Re5 Qg4 17. h3 Qh4 18. g3 Qh6 19. Nxe6 Qxh3 20. Nxg7+ Kf8 21. d5 Ng4 22. Rh5 Kxg7 23. Rxh3 Bd7 24. Qxb7 Rcd8 25. Qxa7 h5 26. Ne4 Ne5 27. Qd4 f6 28. Qa7 Ra8 29. Qb7 Rhb8 30. Qc7 Rc8 31. Qb7 Rcb8 32. Qc7 Bd8 33. Qd6 Bxh3 34. Bh6+ Kxh6 35. Nxf6 Bxf6 36. Qxf6+ Ng6 37. f4 Rf8 38. Qg5+ Kg7 39. Re1 Ra7 40. d6 Rff7 41. Re7 Raxe7 42. dxe7 Rxe7 43. f5 Re1+ 44. Kh2 Bxf5 45. Qxf5 Re2+ 46. Kh3 Rxb2 47. Qg5 Rxa2 48. Qxh5 Ra3 49. Qb5 Ra7 50. Qb6 Re7 51. Qb2+ Kh6 52. Kg4 Re5 53. Kf3 Rf5+ 54. Kg4 Rg5+ 55. Kh3 Kh7 56. Kg2 Re5 57. Qb7+ Kh6 58. Qb8 Re2+ 59. Kf3 Re7 60. Kf2 Rf7+ 61. Kg2 Re7 62. Qa8 Kg7 63. Qb8 Re2+ 64. Kf3 Re7 65. Kg2 Ne5 66. Kh3 Ng6 67. Qd6 Re5 68. Qd7+ Kh6 69. Qc8 Rh5+ 70. Kg2 Re5 71. Qa8 Kh7 72. Kf3 Kh6 73. Kf2 Rf5+ 74. Kg2 Re5 75. Kh3 Rh5+ 76. Kg4 Re5 77. Kh3 Kg7 78. Kg2 Re7 79. Qb8 1/2-1/2


[Site "https://www.chess.com"]

[Event "Titled Tuesday Blitz May 24 Late 2022"]
[White "Onslow, Alfie"]
[Black "Petre, Nad-Titus"]
[WhiteFideId "436976"]
[BlackFideId "1204165"]
[WhiteElo "1885"]
[BlackElo "2354"]
[Result "0-1"]
[Round "01"]
[TimeControl "180+1"]
[Date "2022.05.25"]
[WhiteClock "0:00:04"]
[BlackClock "0:00:34"]

1. Nf3 Nf6 2. c4 g6 3. b3 Bg7 4. Bb2 c5 5. g3 d6 6. Bg2 Nc6 7. O-O O-O 8. d4 Ne4 9. Nbd2 Bf5 10. Nxe4 Bxe4 11. e3 cxd4 12. Nxd4 Bxg2 13. Kxg2 Qd7 14. Qd2 Rfd8 15. e4 Nxd4 16. Bxd4 b5 17. Bxg7 Kxg7 18. cxb5 Qxb5 19. Rac1 a5 20. Rc4 a4 21. Qd4+ f6 22. bxa4 Qd7 23. Rfc1 Ra7 24. Qd5 Rda8 25. h4 Qd8 26. Qe6 Qd7 27. Qxd7 Rxd7 28. R1c2 Rda7 29. Rc7 Kf7 30. Rxa7 Rxa7 31. Rc4 h5 32. Kf3 Ke6 33. Ke3 Ra5 34. Rb4 Kd7 35. Kd4 Kc6 36. f4 e5+ 37. Ke3 Rc5 38. Kd3 exf4 39. gxf4 g5 40. fxg5 fxg5 41. hxg5 Rxg5 42. Ke3 h4 43. Rb2 Rg3+ 44. Kf4 Ra3 45. Rh2 h3 46. Kg4 Rxa4 47. Rxh3 Rxe4+ 48. Kf5 Rc4 49. Rh2 d5 50. Ke5 Kc5 51. Rg2 Re4+ 52. Kf5 Ra4 53. Ke5 Re4+ 54. Kf5 Re3 55. Rf2 Rc3 56. Kf4 d4 57. Ke4 Kc4 58. Rd2 Re3+ 59. Kf4 Re8 60. a4 Kc3 61. Rd1 d3 62. a5 Kc2 63. Ra1 d2 64. a6 d1=Q 65. Rxd1 Kxd1 66. a7 Ra8 0-1


[Site "https://www.chess.com"]

[Event "Titled Tuesday Blitz May 24 Late 2022"]
[White "Papp, Levente"]
[Black "Shapiro, Daniel"]
[WhiteFideId "751243"]
[BlackFideId "2001780"]
[WhiteElo "2308"]
[BlackElo "2263"]
[Result "1-0"]
[Round "01"]
[TimeControl "180+1"]
[Date "2022.05.25"]
[WhiteClock "0:00:37"]
[BlackClock "0:00:44"]

1. Nf3 Nf6 2. g3 d5 3. Bg2 g6 4. O-O Bg7 5. c4 c6 6. cxd5 cxd5 7. d4 O-O 8. Nc3 Nc6 9. Ne5 Na5 10. b4 Nc6 11. Nxc6 bxc6 12. e3 Ba6 13. Re1 Bc4 14. a4 a5 15. b5 cxb5 16. axb5 e6 17. Bf1 Bxf1 18. Rxf1 Qd6 19. Ba3 Qc7 20. Bxf8 Bxf8 21. Na4 Bb4 22. Qc1 Qe7 23. Qc6 Rb8 24. b6 Ne4 25. Qc7 Qe8 26. Rfc1 Bd6 27. Qc6 Qd8 28. b7 Nd2 29. Qc8 Kf8 30. Qxd8+ Rxd8 31. Rc8 Ke7 32. Rac1 Nc4 33. Rb1 Bb8 34. Nc5 Nd6 35. Rxd8 Kxd8 36. Na6 1-0


[Site "https://www.chess.com"]

[Event "Titled Tuesday Blitz May 24 Late 2022"]
[White "Perez Leiva, Jerzy Jesus"]
[Black "Antipov, Mikhail Al."]
[WhiteFideId "3524337"]
[BlackFideId "4107012"]
[WhiteElo "2287"]
[BlackElo "2512"]
[Result "0-1"]
[Round "01"]
[TimeControl "180+1"]
[Date "2022.05.24"]
[WhiteClock "0:00:07"]
[BlackClock "0:00:11"]

1. e4 c5 2. Nf3 d6 3. d4 cxd4 4. Nxd4 Nf6 5. Nc3 a6 6. Bg5 Nbd7 7. Qe2 b5 8. O-O-O Bb7 9. Kb1 e6 10. h4 Rc8 11. f3 Rxc3 12. bxc3 Qc7 13. Qe1 Be7 14. g4 Nb6 15. Bc1 Na4 16. c4 bxc4 17. Qb4 Nb6 18. g5 Nfd7 19. h5 O-O 20. Ka1 Rb8 21. Qa5 d5 22. g6 Bf6 23. gxf7+ Kxf7 24. c3 Qc5 25. Qxc5 Nxc5 26. exd5 Nxd5 27. Ba3 Nxc3 28. Bxc5 Nxd1 29. Bxc4 Ne3 30. Bxe6+ Ke8 31. Rb1 Nc2+ 32. Kb2 Nxd4 33. Ka3 Nxe6 0-1


[Site "https://www.chess.com"]

[Event "Titled Tuesday Blitz May 24 Late 2022"]
[White "Pershin, Denis"]
[Black "Papp, Petra"]
[WhiteFideId "24165506"]
[BlackFideId "739049"]
[WhiteElo "2275"]
[BlackElo "2259"]
[Result "1-0"]
[Round "01"]
[TimeControl "180+1"]
[Date "2022.05.25"]
[WhiteClock "0:00:17"]
[BlackClock "0:00:03"]

1. d4 Nf6 2. Nc3 d5 3. Bf4 e6 4. Nb5 Na6 5. e3 Be7 6. Nf3 O-O 7. Be2 c6 8. Nc3 c5 9. O-O Nb4 10. Nb5 Bd7 11. c3 Nc6 12. Nd6 b6 13. c4 dxc4 14. Nxc4 cxd4 15. Nxd4 Nd5 16. Bg3 Nxd4 17. Qxd4 Bf6 18. Be5 Bc6 19. Bf3 Rc8 20. Rfd1 Bxe5 21. Nxe5 Bb7 22. Qa4 Qc7 23. Nd3 a6 24. Rac1 Qb8 25. Qh4 Rxc1 26. Rxc1 Rc8 27. Rd1 Nf6 28. Bxb7 Qxb7 29. Ne5 Qe4 30. Qxe4 Nxe4 31. f3 Nc5 32. Rd6 b5 33. b4 Na4 34. Rxa6 f6 35. Nc6 Rc7 36. f4 Nc3 37. Nd4 e5 38. Ne6 Rd7 39. f5 g6 40. g4 gxf5 41. gxf5 Nd5 42. Nc5 Rg7+ 43. Kf2 Nxb4 44. Ra8+ Kf7 45. Ne6 Rg8 46. Ra7+ Ke8 47. a3 Nd5 48. Kf3 b4 49. Ke4 Nc3+ 50. Kd3 Nd5 51. e4 Nf4+ 52. Nxf4 exf4 53. Ra8+ Kf7 54. Rxg8 Kxg8 55. axb4 Kf7 56. Ke2 1-0


[Site "https://www.chess.com"]

[Event "Titled Tuesday Blitz May 24 Late 2022"]
[White "Pesotskiy, Mikhail"]
[Black "Kamsky, Gata"]
[WhiteFideId "34164453"]
[BlackFideId "2000024"]
[WhiteElo "2010"]
[BlackElo "2645"]
[Result "0-1"]
[Round "01"]
[TimeControl "180+1"]
[Date "2022.05.24"]
[WhiteClock "0:00:32"]
[BlackClock "0:01:37"]

1. d4 f5 2. c4 Nf6 3. g3 g6 4. Bg2 Bg7 5. Nf3 d6 6. O-O O-O 7. Nc3 c6 8. Qb3 Kh8 9. Re1 Na6 10. Bd2 Ne4 11. Rad1 Nxd2 12. Rxd2 Qa5 13. e4 f4 14. e5 Qb4 15. Qxb4 Nxb4 16. exd6 exd6 17. Ng5 Bf5 18. Ne6 Rae8 19. Rde2 Bxe6 20. Rxe6 Rxe6 21. Rxe6 Bxd4 22. Rxd6 Bxc3 23. bxc3 Nxa2 24. Rd7 Rb8 25. Rd3 fxg3 26. hxg3 a5 27. c5 Nc1 28. Rd2 Nb3 29. Ra2 Ra8 0-1


[Site "https://www.chess.com"]

[Event "Titled Tuesday Blitz May 24 Late 2022"]
[White "Petrova, Irina"]
[Black "Halkias, Stelios"]
[WhiteFideId "14124122"]
[BlackFideId "4201809"]
[WhiteElo "1993"]
[BlackElo "2453"]
[Result "0-1"]
[Round "01"]
[TimeControl "180+1"]
[Date "2022.05.25"]
[WhiteClock "0:00:10"]
[BlackClock "0:01:18"]

1. e4 c6 2. d4 d5 3. e5 c5 4. dxc5 e6 5. a3 Bxc5 6. b4 Be7 7. Qg4 Kf8 8. Bb2 a5 9. b5 Nh6 10. Qd1 Nd7 11. Nf3 Nc5 12. Nbd2 Na4 13. Bd4 Nf5 14. Nb3 Bd7 15. Be2 Nxd4 16. Qxd4 Nb6 17. O-O a4 18. Nc5 Qc7 19. Nxd7+ Nxd7 20. c4 Bc5 21. Qf4 d4 22. Ng5 Nf6 23. g3 h6 24. exf6 Qxf4 25. fxg7+ Kxg7 26. Nxe6+ fxe6 27. gxf4 Rhf8 28. Bd3 Rxf4 29. Rfe1 Kf6 30. Be4 Rg8+ 31. Kf1 b6 32. f3 Rh4 33. Re2 d3 34. Rg2 Rxh2 35. Rxg8 Rh1+ 36. Kg2 Rxa1 37. Rg6+ Ke5 38. Bxd3 Rxa3 39. Be4 Ra2+ 40. Kg3 a3 41. Rxh6 Rd2 42. Rh1 a2 43. Re1 Bf2+ 0-1


[Site "https://www.chess.com"]

[Event "Titled Tuesday Blitz May 24 Late 2022"]
[White "Pranav, V"]
[Black "Sydoryka, Vladyslav"]
[WhiteFideId "25060783"]
[BlackFideId "14145928"]
[WhiteElo "2349"]
[BlackElo "2283"]
[Result "1-0"]
[Round "01"]
[TimeControl "180+1"]
[Date "2022.05.24"]
[WhiteClock "0:00:28"]
[BlackClock "0:00:17"]

1. e4 e6 2. d4 d5 3. Bd3 c5 4. exd5 exd5 5. Nf3 c4 6. Be2 Nc6 7. O-O Nf6 8. b3 cxb3 9. axb3 Be7 10. Bb2 O-O 11. c4 Bf5 12. Nc3 Re8 13. c5 Ne4 14. Bb5 Bf6 15. h3 a6 16. Bxc6 bxc6 17. Na4 Rb8 18. Nb6 Nxc5 19. dxc5 Bxb2 20. Rxa6 Be4 21. Ra2 Bc3 22. Nd2 Bd3 23. Re1 Rxe1+ 24. Qxe1 Qe8 25. Qc1 d4 26. Nf3 Rd8 27. Qf4 Be4 28. Re2 f5 29. Nd2 Qg6 30. f3 Bd3 31. Re7 Qf6 32. Ra7 g5 33. Qc7 Bxd2 34. Qxh7+ Kf8 35. Nd7+ Rxd7 36. Qxd7 Be3+ 37. Kh1 1-0


[Site "https://www.chess.com"]

[Event "Titled Tuesday Blitz May 24 Late 2022"]
[White "Prieto Aranguren, Alain"]
[Black "Jeet, Jain"]
[WhiteFideId "2268906"]
[BlackFideId "5073022"]
[WhiteElo "2235"]
[BlackElo "2028"]
[Result "0-1"]
[Round "01"]
[TimeControl "180+1"]
[Date "2022.05.25"]
[WhiteClock "0:01:06"]
[BlackClock "0:01:10"]

1. d4 c5 2. d5 e5 3. Nc3 d6 4. e4 Be7 5. Nf3 Nf6 6. Nd2 O-O 7. Nc4 a6 8. a4 b6 9. f3 Bd7 10. Be3 Ra7 11. Qd2 Rb7 12. Be2 b5 13. axb5 axb5 14. Na5 Ra7 15. Nxb5 Bxb5 16. Bxb5 Qb6 17. Bc4 Qxb2 18. O-O Qb6 19. Rfb1 Qc7 20. Bb5 Bd8 21. Nc6 Nxc6 22. Bxc6 Rxa1 23. Rxa1 h6 24. Rb1 Qa7 25. Rb7 Qa1+ 26. Qc1 Qc3 27. Rb3 Qa5 28. Bd2 Qa7 29. Rb7 Qa6 30. c4 Nh5 31. Qb2 Qxc4 32. Bb5 Qd4+ 33. Qxd4 exd4 34. Rd7 Bf6 35. Rxd6 Rb8 36. Bd3 Rb3 37. Rd8+ Bxd8 0-1


[Site "https://www.chess.com"]

[Event "Titled Tuesday Blitz May 24 Late 2022"]
[White "Rasulov, Vugar"]
[Black "Cremisi, Daniel"]
[WhiteFideId "13402390"]
[BlackFideId "2089882"]
[WhiteElo "2560"]
[BlackElo "2172"]
[Result "1-0"]
[Round "01"]
[TimeControl "180+1"]
[Date "2022.05.24"]
[WhiteClock "0:02:00"]
[BlackClock "0:00:16"]

1. Nf3 e6 2. g3 Nf6 3. Bg2 b6 4. Ne5 d5 5. O-O Bb7 6. d4 Nbd7 7. c4 c6 8. Nc3 Nxe5 9. dxe5 Nd7 10. cxd5 cxd5 11. e4 dxe4 12. Nxe4 Nxe5 13. Qh5 Ng6 14. Rd1 Qc7 15. Bf4 Nxf4 16. gxf4 Be7 17. Qb5+ Kf8 18. Rd7 Qc6 19. Qd3 Rc8 20. Rd1 f5 21. Rxe7 fxe4 22. Qa3 Qc5 23. Qxc5 Rxc5 24. Rxb7 1-0


[Site "https://www.chess.com"]

[Event "Titled Tuesday Blitz May 24 Late 2022"]
[White "Richter, Nils"]
[Black "Bortnyk, Olexandr"]
[WhiteFideId "12990809"]
[BlackFideId "14120828"]
[WhiteElo "2243"]
[BlackElo "2723"]
[Result "0-1"]
[Round "01"]
[TimeControl "180+1"]
[Date "2022.05.24"]
[WhiteClock "0:00:41"]
[BlackClock "0:00:04"]

1. e4 Nf6 2. e5 Nd5 3. d4 d6 4. Nf3 dxe5 5. Nxe5 c6 6. Bc4 Nd7 7. Nf3 N7f6 8. O-O Bg4 9. h3 Bh5 10. Re1 e6 11. Nbd2 Bd6 12. Nf1 O-O 13. Ng3 Bg6 14. c3 c5 15. Ne5 cxd4 16. Qxd4 Qc7 17. Nxg6 hxg6 18. Ne4 Bh2+ 19. Kh1 Be5 20. Nxf6+ Bxf6 21. Qg4 Rfd8 22. Bb3 Rac8 23. Be3 Nxe3 24. Rxe3 Rd6 25. Rae1 Rcd8 26. g3 Rd2 27. R3e2 b5 28. Kg1 a5 29. h4 a4 30. Bc2 a3 31. bxa3 Qxc3 32. Bb3 Rxe2 33. Rxe2 Rd4 34. Re4 Qc1+ 35. Kh2 Qb2 36. Re2 Rxg4 37. Rxb2 Bxb2 0-1


[Site "https://www.chess.com"]

[Event "Titled Tuesday Blitz May 24 Late 2022"]
[White "Riehle, Marco"]
[Black "Garagulya, Konstantin"]
[WhiteFideId "12904392"]
[BlackFideId "4128931"]
[WhiteElo "2462"]
[BlackElo "2329"]
[Result "1-0"]
[Round "01"]
[TimeControl "180+1"]
[Date "2022.05.24"]
[WhiteClock "0:00:44"]
[BlackClock "0:00:06"]

1. e4 c5 2. a3 e6 3. b4 cxb4 4. axb4 Bxb4 5. Bb2 f6 6. e5 Be7 7. Nf3 Nc6 8. Bd3 d6 9. exd6 Bxd6 10. Nc3 Nge7 11. O-O O-O 12. Bc4 Kh8 13. d4 e5 14. d5 Na5 15. Ba2 a6 16. Ne4 Nf5 17. c4 b6 18. Bc3 Nb7 19. Bb1 Nc5 20. Nfd2 g6 21. Qe2 Bb7 22. Nxd6 Qxd6 23. Ne4 Nxe4 24. Bxe4 Rae8 25. Rab1 Rf7 26. Rfe1 Kg8 27. Bxf5 gxf5 28. Qh5 f4 29. h3 b5 30. Red1 Rc8 31. Bb4 Qd7 32. c5 Bxd5 33. Rxd5 Qxd5 34. Qg4+ Kh8 35. Qxc8+ Kg7 36. Qg4+ Kh6 37. Rd1 Qc4 38. Be1 Qxc5 39. Rd8 Qc2 40. Rg8 Qe4 41. Qh4# 1-0


[Site "https://www.chess.com"]

[Event "Titled Tuesday Blitz May 24 Late 2022"]
[White "Riff, Vincent"]
[Black "Haas, Michael"]
[WhiteFideId "617776"]
[BlackFideId "1629514"]
[WhiteElo "2377"]
[BlackElo "1982"]
[Result "1-0"]
[Round "01"]
[TimeControl "180+1"]
[Date "2022.05.25"]
[WhiteClock "0:00:47"]
[BlackClock "0:00:25"]

1. e4 e6 2. d4 d5 3. Nd2 c5 4. exd5 Qxd5 5. Ngf3 cxd4 6. Bc4 Qd6 7. Qe2 Nf6 8. Nb3 Nc6 9. Bg5 a6 10. O-O-O b5 11. Bd3 Bb7 12. Nbxd4 Nxd4 13. Nxd4 Be7 14. Nxb5 Qb6 15. Nc3 O-O 16. Qe3 Qa5 17. f4 Rac8 18. Qh3 h6 19. Bxh6 gxh6 20. Qxh6 Rxc3 21. bxc3 Qxc3 22. Qg5+ Kh8 23. Qh4+ Kg8 24. Qg3+ Kh8 25. Qh3+ Nh5 26. Qxh5+ Kg7 27. Qh7+ Kf6 28. Qh6# 1-0


[Site "https://www.chess.com"]

[Event "Titled Tuesday Blitz May 24 Late 2022"]
[White "Ronka, Erik"]
[Black "Zakhartsov, Vladimir"]
[WhiteFideId "505080"]
[BlackFideId "4145097"]
[WhiteElo "2264"]
[BlackElo "2428"]
[Result "0-1"]
[Round "01"]
[TimeControl "180+1"]
[Date "2022.05.24"]
[WhiteClock "0:00:09"]
[BlackClock "0:00:04"]

1. e4 c5 2. Nf3 Nc6 3. d4 cxd4 4. Nxd4 g6 5. Nc3 Bg7 6. Be3 Nf6 7. Nxc6 bxc6 8. e5 Ng8 9. Bd4 f6 10. Qe2 fxe5 11. Bxe5 Nf6 12. O-O-O O-O 13. Qc4+ Kh8 14. Ne4 d5 15. Qc3 Nxe4 16. Bxg7+ Kg8 17. Qe5 Nxf2 18. Bxf8 Qxf8 19. Bb5 Bb7 20. Qe6+ Kh8 21. Bxc6 Bxc6 22. Qxc6 Nxh1 23. Rxh1 Rd8 24. Qe6 Rd6 25. Qe3 d4 26. Qe5+ Qf6 27. Re1 Qxe5 28. Rxe5 e6 29. Kd2 Kg7 30. Kd3 Kf6 31. Ra5 a6 32. Ke4 Rc6 33. b4 e5 34. Rxe5 Rxc2 35. Ra5 Rxg2 36. Rxa6+ Ke7 37. b5 Rxh2 38. a4 Rb2 39. b6 Kd6 40. a5 Rb4 41. Ra7 Kc6 42. Rc7+ Kb5 43. Ra7 Kc6 44. Rxh7 Rb5 45. Ra7 g5 46. Kxd4 g4 47. Rc7+ Kd6 48. Rc8 g3 49. a6 g2 50. Rg8 Rxb6 51. a7 Ra6 52. Rg6+ Kc7 53. Rxa6 g1=Q+ 54. Kc4 Qf1+ 55. Kc5 Qxa6 56. Kd5 Qxa7 0-1


[Site "https://www.chess.com"]

[Event "Titled Tuesday Blitz May 24 Late 2022"]
[White "Rostovtsev, Dmitry"]
[Black "Mikhalsky, Vladimir"]
[WhiteFideId "34278320"]
[BlackFideId "14144352"]
[WhiteElo "2274"]
[BlackElo "2301"]
[Result "1-0"]
[Round "01"]
[TimeControl "180+1"]
[Date "2022.05.25"]
[WhiteClock "0:00:20"]
[BlackClock "0:00:09"]

1. c4 c5 2. Nf3 Nf6 3. Nc3 d5 4. cxd5 Nxd5 5. g3 Nc6 6. Bg2 Nc7 7. a3 e5 8. O-O f6 9. e3 Bg4 10. h3 Bh5 11. g4 Bg6 12. d4 cxd4 13. exd4 exd4 14. Ne2 Bc5 15. b4 Bb6 16. Bb2 d3 17. Nf4 O-O 18. Nxg6 hxg6 19. Qb3+ Qd5 20. Nd2 Qxb3 21. Nxb3 Ne6 22. Bd5 Rfe8 23. Rfe1 Kf7 24. Rad1 Rad8 25. Rxd3 Kf8 26. b5 Nf4 27. Rxe8+ Kxe8 28. Bxc6+ bxc6 29. Rf3 Rd3 30. Rxd3 Nxd3 31. Bd4 c5 32. Be3 c4 33. Nd4 c3 34. Nc2 Ne5 35. Kf1 Nc4 36. Ke2 Bxe3 37. fxe3 Nb2 38. e4 Kd7 39. Ke3 Kd6 40. Kd4 Nd1 41. Ne3 Nxe3 42. Kxe3 Kc5 43. Kd3 Kxb5 44. Kxc3 Kc5 45. h4 g5 46. hxg5 fxg5 47. Kd3 a6 48. Kc3 a5 49. a4 Kc6 50. Kd4 Kd6 51. e5+ Ke6 52. Ke4 g6 53. Kd4 Ke7 54. Kd5 Kd7 55. e6+ Ke7 56. Ke5 Ke8 57. Kf6 Kf8 58. Kxg6 Ke7 59. Kf5 Kd6 60. Kf6 1-0


[Site "https://www.chess.com"]

[Event "Titled Tuesday Blitz May 24 Late 2022"]
[White "Sailer, Mike"]
[Black "Zhurbinsky, David"]
[WhiteFideId "2012901"]
[BlackFideId "2072904"]
[WhiteElo "2109"]
[BlackElo "2569"]
[Result "0-1"]
[Round "01"]
[TimeControl "180+1"]
[Date "2022.05.25"]
[WhiteClock "0:00:21"]
[BlackClock "0:01:48"]

1. d4 Nf6 2. Nf3 e6 3. Bf4 d5 4. e3 c5 5. Nc3 a6 6. Be2 Nc6 7. O-O Bd6 8. Bxd6 Qxd6 9. dxc5 Qxc5 10. Nd4 O-O 11. Nxc6 bxc6 12. Na4 Qa5 13. c4 Rb8 14. a3 c5 15. Qc2 Bd7 16. Nc3 d4 17. exd4 cxd4 18. b4 Qe5 19. Na2 Bc6 20. Bd3 Ng4 21. f4 Qe3+ 22. Kh1 Qh3 23. Bxh7+ Kh8 24. Rf3 Qxh2# 0-1


[Site "https://www.chess.com"]